 Dungeon Crawl Stone Soup version 0.29-a0-823-gc37b1572da (webtiles) character file.

Game seed: 3525516849161083757

300 gruber the Skirmisher (level 6, -6/50 HPs)
             Began as a Minotaur Hunter on July 8, 2022.
             Mangled by Pikel
             ... wielding a +1 whip of freezing
              (11 damage)
             ... on level 3 of the Dungeon.
             The game lasted 00:03:08 (2538 turns).

gruber the Skirmisher (Minotaur Hunter)             Turns: 2538, Time: 00:03:09

Health: -6/50      AC:  0    Str: 16    XL:     6   Next: 13%
Magic:  5/5        EV: 14    Int:  6    God:
Gold:   195        SH:  0    Dex: 15    Spells: 2/5 levels left

rFire   . . .      SeeInvis .   (weapon currently unavailable)
rCold   . . .      Faith    .   (shield currently unavailable)
rNeg    . . .      Spirit   .   (body armour currently unavailable)
rPois   .          Reflect  .   (helmet currently unavailable)
rElec   .          Harm     .   (cloak currently unavailable)
rCorr   .          Rampage  .   (gloves currently unavailable)
Will    .....                   (boots currently unavailable)
Stlth   ++........              h - amulet of regeneration
HPRegen 0.96/turn               (ring currently unavailable)
MPRegen 0.09/turn               (ring currently unavailable)

@: pig-form, very quick
A: fast, no casting, small, (horns 2), (retaliatory headbutt)
a: no special abilities


You were on level 3 of the Dungeon.
You were a filthy swine.
You visited 1 branch of the dungeon, and saw 4 of its levels.

You collected 195 gold pieces.

Inventory:

Hand Weapons
 a - a +0 shortbow
 p - a +2 vorpal mace
 r - a +1 dagger of venom (melded)
Armour
 c - a +0 leather armour (melded)
Jewellery
 f - a +4 ring of protection (melded)
 h - an amulet of regeneration (around neck)
Scrolls
 b - 3 scrolls of immolation
 d - 2 scrolls of noise {unknown}
 g - 4 scrolls of identify {unknown}
 i - a scroll of enchant weapon {unknown}
 k - 2 scrolls of enchant armour {unknown}
 l - a scroll of poison {unknown}
 m - a scroll of summoning {unknown}
 n - 2 scrolls of vulnerability {unknown}
 q - a scroll of fog {unknown}
 w - a scroll of fear {unknown}
Potions
 e - a potion of berserk rage {unknown}
 j - a potion of heal wounds {unknown}
 o - a potion of magic {unknown}
 s - a potion of lignification {unknown}
 t - a potion of curing {unknown}
 u - a potion of might {unknown}
 v - a potion of flight {unknown}
 x - a potion of attraction {unknown}
 z - 2 potions of mutation {unknown}


   Skills:
 - Level 2.4 Fighting
 + Level 8.2 Ranged Weapons
 - Level 2.1 Dodging
 - Level 0.7 Stealth


You had 2 spell levels left.
You knew the following spells:

 Your Spells              Type           Power      Damage    Failure   Level
a - Portal Projectile     Hex/Tloc       0%         N/A       83%         3

Your spell library contained the following spells:

 Spells                   Type           Power      Damage    Failure   Level
 Ignite Poison            Fire/Tmut/Pois 0%         N/A       83%         3
 Mephitic Cloud           Conj/Pois/Air  0%         N/A       83%         3
 Tukima's Dance           Hex            0%         N/A       83%         3
 Blade Hands              Tmut           0%         N/A       100%        5
 Freezing Cloud           Conj/Ice/Air   0%         6-21      100%        5


Dungeon Overview and Level Annotations

Branches:
Dungeon (4/15)
 Temple: D:4-7

Altars:
Wu Jian

Shops:
D:3 ?

Annotations:
D:3 Pikel


Innate Abilities, Weirdness & Mutations

You are a filthy swine.
You move quickly.
Your equipment is almost entirely melded.
You are incapable of wielding weapons or throwing items.
You cannot cast spells.
((You have a pair of horns on your head.))
((You reflexively headbutt those who attack you in melee.))


Message History

You headbutt the lemure, but do no damage.
The lemure hits you.
You hit Pikel but do no damage. The lemure hits you but does no damage.
Pikel zaps a wand.
You resist with some effort.
You hit Pikel but do no damage.
Pikel is poisoned.
You headbutt Pikel, but do no damage. The lemure hits you!
Pikel closely misses you. You furiously retaliate!
You headbutt Pikel, but do no damage.
Unknown command.
The lemure hits you but does no damage.
Pikel zaps a wand.
You turn into a filthy swine.
Your +1 dagger of venom melds into your body.
Your +0 leather armour melds into your body.
Your +4 ring of protection melds into your body.
Your +1 dagger of venom stops dripping with poison.
You climb upwards.
There is a stone staircase leading down, spattered with blood here.
Unknown command.
You hit Pikel but do no damage.
Pikel is lightly wounded.
Pikel hits you with a +1 whip of freezing!
Pikel freezes you. The lemure closely misses you.
You hit the lemure.
The lemure is lightly wounded.
Pikel hits you with a +1 whip of freezing!
Pikel freezes you.
* * * LOW HITPOINT WARNING * * *
The lemure misses you.
You barely miss the lemure.
The lemure is lightly wounded.
Pikel hits you with a +1 whip of freezing!
* * * LOW HITPOINT WARNING * * *
Pikel freezes you.
* * * LOW HITPOINT WARNING * * *
The lemure barely misses you.
Unknown command.
You barely miss the lemure.
The lemure is lightly wounded.
Pikel hits you with a +1 whip of freezing!
You die...

.....#..# #.# ####.#..#
#.# ...#.#.## #.######
##.#.#.# #......# ...#.#.#
######.# ####.#.# #.#
...#.#.# #.#
#......###########.#
#..#...##......Kh5.#
#....#.##.##########
#......##.################
..#....##................#
#####.##################.#
#................# #.#
################.# #.#####
#.# #.†...# #.#######.#


You could see Pikel (poisoned) and a lemure (poisoned).

Vanquished Creatures
  A black bear (D:3)
  A lemure (D:3)
  2 orc priests (D:2)
  Jessica (D:2)
  Terence (D:2)
  An adder (D:2)
  2 worms (D:2)
  2 dart slugs
  8 orcs
  6 ball pythons
  5 endoplasms
  A giant cockroach (D:2)
  6 hobgoblins
  9 jackals
  3 quokkas
  8 bats
  A frilled lizard (D:1)
  6 goblins
  7 kobolds
  13 rats
84 creatures vanquished.

Vanquished Creatures (others)
  4 plants (D:3)
4 creatures vanquished.

Grand Total: 88 creatures vanquished

Notes
Turn   | Place    | Note
-------+----------+-------------------------------------------
     0 | D:1      | gruber the Minotaur Hunter began the quest for the Orb.
     0 | D:1      | Reached XP level 1. HP: 18/18 MP: 0/0
   142 | D:1      | Reached XP level 2. HP: 20/25 MP: 1/1
   263 | D:1      | Reached skill level 5 in Ranged Weapons
   695 | D:1      | Reached XP level 3. HP: 30/30 MP: 2/2
  1110 | D:2      | Noticed Jessica
  1113 | D:2      | Killed Jessica
  1114 | D:2      | Reached skill level 6 in Ranged Weapons
  1114 | D:2      | Reached XP level 4. HP: 27/37 MP: 3/3
  1277 | D:2      | Noticed Terence
  1282 | D:2      | Killed Terence
  1318 | D:2      | Reached skill level 7 in Ranged Weapons
  1318 | D:2      | Reached XP level 5. HP: 37/42 MP: 4/4
  1913 | D:3      | You fall into a shaft and drop 1 floor!
  1937 | D:4      | Noticed a lemure
  1938 | D:4      | Noticed a lemure
  1939 | D:4      | Noticed Pikel
  1965 | D:4      | Noticed a black bear
  1966 | D:4      | Found an ornate altar of the Wu Jian Council.
  1999 | D:3      | Killed a lemure
  2214 | D:3      | Found a faded altar of an unknown god.
  2235 | D:3      | Found Bigik's Magic Scroll Boutique.
  2257 | D:3      | Learned a level 3 spell: Portal Projectile
  2500 | D:3      | Killed a black bear
  2501 | D:3      | Reached skill level 8 in Ranged Weapons
  2501 | D:3      | Reached XP level 6. HP: 28/50 MP: 5/5
  2538 | D:3      | Mangled by Pikel

Illustrated notes

Levels and vault maps discovered:
D:1:      dpeg_arrival_ratfight, layout_basic
D:2:      cheibrodos_pilgrimage, layout_loops_ring, uniq_terence, uniq_jessica
D:3:      layout_basic, serial_shops, shop,
          shapermc_ecumenical_altar_mp_ritualfount
D:4:      layout_rooms, mainiacjoe_overflow_concentric_impassable,
          nicolae_qazlal_eye_of_the_storm, nicolae_wu_jian_immortal_techniques,
          uniq_pikel, uniq_eustachio

Skill      XL: |  1  2  3  4  5 |
---------------+----------------+-----
Ranged Weapons | 5 6 7 8 |  8.2
Fighting       | |  2.4
Dodging        | |  2.1
Stealth        | |  0.7

Action                   |  1- 3 |  4- 6 || total
-------------------------+-------+-------++-------
Melee: Dagger            |       |    24 ||    24
       Headbutt          |       |     6 ||     6
       Unarmed           |       |     4 ||     4
 Fire: Shortbow          |    90 |    92 ||   182
Armor: Leather armour    |     7 |    46 ||    53
Dodge: Dodged            |    15 |    89 ||   104

Table legend: (Time is in decaauts)
 A = Elapsed time spent in this place.
 B = Non-inter-level travel time spent in this place.
 C = Inter-level travel time spent in this place.
 D = Time resting spent in this place.
 E = Time spent auto-exploring this place.
 F = Levels seen in this place.
 G = Mean time per level.
                   A        B        C        D        E       F      G
               +--------+--------+--------+--------+--------+-----+--------+
         Total |   2578 |   2431 |    147 |      0 |   1963 |   4 |  644.5 |
       Dungeon |   2578 |   2431 |    147 |      0 |   1963 |   4 |  644.5 |
               +--------+--------+--------+--------+--------+-----+--------+

Top non-repeatable levels by time:
     D:1: 1015 daAuts
     D:2: 774 daAuts
     D:3: 710 daAuts
     D:4: 78 daAuts
